[Event "WALTON 1st Div Women League 2023"]
[Site "Dhaka"]
[Date "2023.03.22"]
[Round "1.1"]
[White "Wadifa, Ahmed"]
[Black "Rashma, Alam"]
[Result "1-0"]
[ECO "C75"]
[WhiteElo "1811"]
[BlackElo "1047"]
[Annotator "NA RC COMBH"]
[PlyCount "59"]
[EventDate "2023.03.22"]
[EventType "team-tourn"]
[EventCountry "BAN"]
[SourceTitle "playchess.com"]
[Source "ChessBase"]
[SourceQuality "1"]
[TimeControl "5400+30"]

1. e4 e5 2. Nf3 d6 3. d4 Nc6 4. Bb5 Bd7 5. c3 Nf6 6. Nbd2 a6 7. Ba4 b5 8. Bc2 g6 9. O-O Bg7 10. a4 Ne7 $2 (10... exd4 $1 $11 {and Black is okay.} 11. Nxd4 b4) 11. dxe5 dxe5 (11... Nh5 $142 12. exd6 cxd6 13. axb5 Bxb5) 12. Nxe5 O-O 13. Nxd7 Qxd7 14. Nf3 Qg4 (14... b4 $142 15. Qxd7 (15. cxb4 Nc6 $16) 15... Nxd7) 15. h3 Qc8 16. Qe2 c6 17. Be3 Rd8 18. Bc5 (18. Bb3 $142) 18... Qe6 $2 (18... Re8 19. Be3 Qb7) 19. Nd4 Qe5 20. Bxe7 Qxe7 21. Nxc6 Qd7 22. Nxd8 Qxd8 23. Rfd1 Qe7 24. axb5 Qb7 25. bxa6 Qe7 26. Qb5 Nxe4 27. Qb7 Qh4 28. Qxa8+ Bf8 29. Qxe4 Qxe4 30. Bxe4 1-0

[Event "WALTON 1st Div Women League 2023"]
[Site "Dhaka"]
[Date "2023.03.22"]
[Round "1.2"]
[White "Sanjeedah, Khanam Mitul"]
[Black "Ahmed, Walijah"]
[Result "0-1"]
[ECO "B30"]
[WhiteElo "1165"]
[BlackElo "1920"]
[Annotator "TA"]
[PlyCount "52"]
[EventDate "2023.03.22"]
[EventType "team-tourn"]
[EventCountry "BAN"]
[SourceTitle "playchess.com"]
[Source "ChessBase"]
[SourceQuality "1"]
[TimeControl "5400+30"]

1. e4 c5 2. Bc4 e6 3. Nf3 Nc6 4. c3 Qc7 5. d3 Nf6 6. h3 {[%emt 0:02:55] B30: Sicilian: 2...Nc6 3 Bb5, lines without ...g6.} Be7 (6... d5 $5 7. exd5 exd5 $15) 7. Be3 a6 {[%emt 0:05:05] [#]} 8. Bg5 $146 {[%emt 0:02:17] Black is slightly better.} ({Predecessor:} 8. Nbd2 O-O 9. O-O d5 10. exd5 exd5 11. Bb3 Re8 12. Re1 Bf5 13. Nf1 h6 14. Re2 {0-1 Kedzierska,L (1308)-Ciesinska,W (1449) POL-chT U19 2nd League 2015 (10.101)}) 8... h6 9. Qd2 hxg5 $19 10. Qxg5 g6 ({Don't go for} 10... Nh5 $2 11. Qd2 $19) 11. Nbd2 {[%emt 0:02:49] [#]} Nxe4 $1 {[%emt 0:02:35][%mdl 576] Discovered Attack} 12. Qg4 (12. Qe3 Nxd2) 12... Nxd2 13. Kxd2 Ne5 14. Nxe5 Qxe5 15. f4 Qh5 16. Qg3 b5 17. Bb3 Bb7 18. Rhe1 Bh4 19. Qe3 Bxe1+ 20. Rxe1 Rc8 21. g4 Qxh3 22. Qe5 Bf3 {[%emt 0:02:59] [#] ...Qg2+ is the strong threat.} 23. c4 Qg2+ 24. Ke3 Rh3 25. f5 Be2+ (25... f6 $142 26. Qg3 Rxg3 27. cxb5 Bxg4+ {[%mdl 64] Discovered Attack} 28. Kf4 g5#) 26. Kf4 Qxg4# {[%emt 0:00:06] Black took control after the opening.   Weighted Error Value: White=1.23/Black=0.34} 0-1

[Event "WALTON 1st Div Women League 2023"]
[Site "Dhaka"]
[Date "2023.03.22"]
[Round "1.3"]
[White "Kazi Zarin, Tasnim"]
[Black "Monika, Kundu"]
[Result "1-0"]
[ECO "C45"]
[WhiteElo "1837"]
[BlackElo "1333"]
[Annotator "NA RC COMBH"]
[PlyCount "69"]
[EventDate "2023.03.22"]
[EventType "team-tourn"]
[EventCountry "BAN"]
[SourceTitle "playchess.com"]
[Source "ChessBase"]
[SourceQuality "1"]
[TimeControl "5400+30"]

1. e4 e5 2. Nf3 Nc6 3. Bc4 d6 4. d4 Nxd4 5. Nxd4 exd4 6. Qxd4 Qf6 7. Qe3 Be6 8. Bd3 Nh6 9. h3 Qd8 10. Nc3 Be7 11. Qg3 Bf6 12. O-O Qd7 13. f4 Bd4+ 14. Be3 Bxe3+ 15. Qxe3 Qe7 16. Rae1 O-O 17. f5 Bxf5 18. exf5 Qxe3+ 19. Rxe3 c6 20. Re7 b5 21. f6 Rfe8 22. Rfe1 Rxe7 23. fxe7 Re8 {[%emt 0:00:30] [#]} 24. Nxb5 $1 cxb5 25. Bxb5 Rxe7 26. Rxe7 g6 27. g4 Kf8 28. Rxa7 Ng8 29. Bc4 Ne7 30. Rd7 d5 31. Rd8+ Kg7 32. Bxd5 Kf6 33. Rd7 h6 34. a4 g5 35. a5 1-0

[Event "WALTON 1st Div Women League 2023"]
[Site "Dhaka"]
[Date "2023.03.22"]
[Round "1.5"]
[White "Nargis, Kaumudi"]
[Black "Jannatul, Ferdous"]
[Result "0-1"]
[ECO "D02"]
[WhiteElo "1253"]
[BlackElo "1697"]
[Annotator "NA RC COMBH"]
[PlyCount "78"]
[EventDate "2023.03.22"]
[EventType "team-tourn"]
[EventCountry "BAN"]
[SourceTitle "playchess.com"]
[Source "ChessBase"]
[SourceQuality "1"]
[TimeControl "5400+30"]

1. d4 d5 2. Nf3 Nf6 3. Nbd2 e6 4. c3 Bd6 5. Qc2 Nbd7 6. e4 dxe4 7. Nxe4 Nxe4 8. Qxe4 Nf6 9. Qc2 h6 10. Bd3 O-O 11. O-O b6 12. Bd2 Bb7 13. Be2 Rc8 14. Qc1 Kh7 15. Bd3+ Ne4 16. g3 f5 17. Be1 Nxc3 18. bxc3 Bxf3 19. Qe3 Bg4 20. f4 Qf6 21. Bf2 c5 22. Rfe1 Rfe8 23. Bb5 Re7 24. Rac1 g5 25. Bd3 Rg8 26. Kh1 Qg6 27. Bf1 Qh5 28. Bg2 Rg6 29. a4 Reg7 30. d5 exd5 31. Bxd5 Re7 32. Qd2 Bf3+ 33. Kg1 Reg7 34. Re6 Qh3 35. Be3 Rxe6 36. Bxe6 gxf4 37. Bxf5+ Qxf5 38. Qxd6 fxe3 39. Rf1 e2 0-1

[Event "WALTON 1st Div Women League 2023"]
[Site "Dhaka"]
[Date "2023.03.22"]
[Round "1.6"]
[White "Nusrat Jahan, Alo"]
[Black "Sharmin, Khan"]
[Result "1-0"]
[ECO "C02"]
[WhiteElo "1787"]
[BlackElo "1290"]
[Annotator "NA RC COMBH"]
[PlyCount "51"]
[EventDate "2023.03.22"]
[EventType "team-tourn"]
[EventCountry "BAN"]
[SourceTitle "playchess.com"]
[Source "ChessBase"]
[SourceQuality "1"]
[TimeControl "5400+30"]

1. e4 e6 2. d4 d5 3. e5 c5 4. c3 cxd4 5. cxd4 a6 6. Nf3 Ne7 7. Bd3 Ng6 8. a3 Be7 9. Nc3 Nc6 10. b4 O-O 11. O-O b6 12. Be3 Bb7 13. Rc1 b5 14. Nd2 Qc7 15. Nb3 Rac8 16. f4 Qd8 17. f5 exf5 18. Bxf5 Rb8 19. e6 f6 20. Qh5 Na7 21. Rf3 Qe8 22. Rh3 h6 23. Bxg6 Rf7 24. Bxf7+ Qxf7 25. Qxf7+ Kh7 26. Rxh6# 1-0

[Event "WALTON 1st Div Women League 2023"]
[Site "Dhaka"]
[Date "2023.03.22"]
[Round "1.7"]
[White "Mahjabeen, Islam"]
[Black "Srija, Seshadri"]
[Result "0-1"]
[ECO "C55"]
[WhiteElo "1180"]
[BlackElo "2194"]
[Annotator "TA"]
[PlyCount "36"]
[EventDate "2023.03.22"]
[EventType "team-tourn"]
[EventCountry "BAN"]
[SourceTitle "playchess.com"]
[Source "ChessBase"]
[SourceQuality "1"]
[TimeControl "5400+30"]

1. e4 e5 2. Nf3 Nc6 3. Bc4 Nf6 4. Nc3 h6 5. a3 d6 6. d3 {[%emt 0:00:54] C55: Two Knights: 4 d3, 4 d4 exd4 5 e5 and Max Lange Attack.} Be6 {[%emt 0:02:03] [#]} 7. Bb3 $146 ({Predecessor:} 7. Bxe6 fxe6 8. h3 a6 9. Nh4 Ne7 10. Be3 b6 11. d4 exd4 12. Bxd4 e5 13. Be3 {0-1 Medina Coneo,A (1728)-Cardona Rodriguez,O (1600) Caqueta Florencia op 2016 (6)}) 7... Qd7 8. Be3 (8. Nd5 $14) 8... a6 (8... Bxb3 $142 9. cxb3 d5 10. exd5 Nxd5) 9. h3 ({White should try} 9. Nd5 $11) 9... Bxb3 $15 10. cxb3 d5 11. d4 exd4 ({Don't play} 11... dxe4 12. Nxe5 Qe6 13. Nxc6 bxc6 14. b4 $11) 12. Nxd4 dxe4 ({Much weaker is} 12... Nxe4 $6 13. Nxe4 dxe4 14. Nxc6 Qxc6 15. Qd4 $11) 13. Nxc6 Qxc6 14. Qc2 ({Better is} 14. Qd4) 14... O-O-O $17 15. O-O Bd6 {[%emt 0:00:48] Black is clearly better.} 16. Rfd1 Be5 {[%emt 0:04:08] Wards off Rd4} 17. b4 Qc4 18. Rac1 Rd3 {[%emt 0:02:45] White did not feel at home in the position after the opening.   Weighted Error Value: White=0.30/Black=0.10 (very precise)} 0-1

[Event "WALTON 1st Div Women League 2023"]
[Site "Dhaka"]
[Date "2023.03.22"]
[Round "1.9"]
[White "Nazmin, Akter"]
[Black "Sidratul, Muntaha"]
[Result "1-0"]
[ECO "D02"]
[WhiteElo "1258"]
[BlackElo "1185"]
[Annotator "NA COMBH"]
[PlyCount "87"]
[EventDate "2023.03.22"]
[EventType "team-tourn"]
[EventCountry "BAN"]
[SourceTitle "playchess.com"]
[Source "ChessBase"]
[SourceQuality "1"]
[TimeControl "5400+30"]

1. d4 d5 2. Nf3 Nf6 3. h3 Nc6 4. c3 e6 5. g3 h6 6. Bg2 Bd6 7. Nbd2 Qe7 8. Nb3 e5 9. dxe5 Nxe5 10. Nxe5 Qxe5 11. Nd4 a6 12. a4 O-O 13. O-O Qe7 14. Re1 c5 15. Nf3 Ne4 16. Qxd5 Nf6 17. Qd1 Be6 18. e4 Bc7 19. Qc2 b6 20. Nh4 Rfe8 21. f4 g6 22. Be3 c4 23. Bf2 Qd7 24. Kh2 Qc8 25. Nf3 Nd7 26. Nd4 Nc5 27. f5 gxf5 28. Nxf5 Nd3 29. Re2 Bxf5 30. exf5 Qxf5 31. Bxa8 Rxe2 32. Qxe2 Ne5 33. Bd4 Nd3 34. Qe8+ Kh7 35. Be4 Qg6 36. Bxg6+ Kxg6 37. Qg8+ Kf5 38. Qxf7+ Ke4 39. Qxc7 b5 40. axb5 axb5 41. Qc6+ Kf5 42. Rf1+ Kg5 43. Qf6+ Kh5 44. g4# 1-0

[Event "WALTON 1st Div Women League 2023"]
[Site "Dhaka"]
[Date "2023.03.22"]
[Round "1.10"]
[White "Sonia, Akhter"]
[Black "Warisa Haider"]
[Result "1/2-1/2"]
[ECO "D02"]
[WhiteElo "1180"]
[BlackElo "1302"]
[Annotator "NA RC COMBH"]
[PlyCount "48"]
[EventDate "2023.03.22"]
[EventType "team-tourn"]
[EventCountry "BAN"]
[SourceTitle "playchess.com"]
[Source "ChessBase"]
[SourceQuality "1"]
[TimeControl "5400+30"]

1. d4 d5 2. Nf3 e6 3. Bf4 Nf6 4. h3 Bd6 5. Ne5 O-O 6. e3 Bxe5 7. Bxe5 Nbd7 8. Bd3 c5 9. O-O c4 10. Be2 Nxe5 11. dxe5 Ne4 12. Qd4 f6 13. Nc3 Nxc3 14. Qxc3 Bd7 15. g4 fxe5 16. Qxe5 Qh4 17. Qd6 Rad8 18. Qc7 Qxh3 19. Qxb7 Rf6 20. Qc7 Rdf8 21. f3 R6f7 22. Qe5 Qh4 23. c3 Qh6 24. Kf2 Qh4+ 1/2-1/2

[Event "WALTON 1st Div Women League 2023"]
[Site "Dhaka"]
[Date "2023.03.22"]
[Round "1.14"]
[White "Jarin, Tasnim"]
[Black "Neelava, Choudhury"]
[Result "0-1"]
[ECO "C68"]
[WhiteElo "1180"]
[BlackElo "1522"]
[Annotator "NA RC COMBH"]
[PlyCount "102"]
[EventDate "2023.03.22"]
[EventType "team-tourn"]
[EventCountry "BAN"]
[SourceTitle "playchess.com"]
[Source "ChessBase"]
[SourceQuality "1"]
[TimeControl "5400+30"]

1. e4 e5 2. Nf3 Nc6 3. Bb5 a6 4. Bxc6 dxc6 5. Nxe5 Qd4 6. Nf3 Qxe4+ 7. Qe2 Qxe2+ 8. Kxe2 Bf5 9. d3 Bd6 10. Re1 O-O-O 11. Kf1 Ne7 12. Nd4 Bg6 13. Nc3 Rhe8 14. Kg1 Bxh2+ 15. Kxh2 Rxd4 16. Be3 Rdd8 17. Re2 Nf5 18. Rae1 Re7 19. Bc5 Rxe2 20. Rxe2 f6 21. Be7 Re8 22. Bc5 Rxe2 23. Nxe2 b6 24. Bb4 c5 25. Bc3 Bh5 26. Nf4 Bd1 27. Ne6 Bxc2 28. g4 Nh6 29. Nxg7 Bxd3 30. Kg3 f5 31. gxf5 Nxf5+ 32. Nxf5 Bxf5 33. f4 Kd7 34. Kh4 b5 35. a3 Ke6 36. Kg5 Bc2 37. Kh6 Kd5 38. Kg5 Kc4 39. f5 b4 40. axb4 cxb4 41. Be5 Kb3 42. f6 Bg6 43. Kh6 c5 44. Kg7 c4 45. f7 Bxf7 46. Kxf7 a5 47. Kg7 h5 48. Kg6 h4 49. Kg5 h3 50. Kg4 h2 51. Bxh2 Kxb2 0-1

[Event "WALTON 1st Div Women League 2023"]
[Site "Dhaka"]
[Date "2023.03.22"]
[Round "1.15"]
[White "Sabikun Nahar, Tonima"]
[Black "Zowena, Mehbish"]
[Result "1-0"]
[ECO "C65"]
[WhiteElo "1515"]
[BlackElo "1121"]
[Annotator "NA RC COMBH"]
[PlyCount "59"]
[EventDate "2023.03.22"]
[EventType "team-tourn"]
[EventCountry "BAN"]
[SourceTitle "playchess.com"]
[Source "ChessBase"]
[SourceQuality "1"]
[TimeControl "5400+30"]

1. e4 e5 2. Nf3 Nc6 3. Bb5 Nf6 4. d3 Bc5 5. O-O O-O 6. Bxc6 dxc6 7. Nxe5 Qd6 8. Nf3 Bg4 9. h3 Bh5 10. Nbd2 b5 11. Nb3 Bb6 12. Re1 Rad8 13. e5 Qe6 14. exf6 Qxf6 15. g4 Bg6 16. Bg5 Qd6 17. d4 Rde8 18. c3 f5 19. Ne5 fxg4 20. hxg4 c5 21. Nxg6 Qxg6 22. Rxe8 Rxe8 23. dxc5 Bxc5 24. Qd5+ Qe6 25. Qxe6+ Rxe6 26. Nxc5 Re2 27. Rb1 Re5 28. Be3 h5 29. g5 Kf7 30. Rd1 1-0

[Event "WALTON 1st Div Women League 2023"]
[Site "Dhaka"]
[Date "2023.03.23"]
[Round "2.1"]
[White "Rashma, Alam"]
[Black "Nazia, Jafrin Mohona"]
[Result "1-0"]
[ECO "C20"]
[WhiteElo "1047"]
[BlackElo "1206"]
[Annotator "NA RC COMBH"]
[PlyCount "109"]
[EventDate "2023.03.22"]
[EventType "team-tourn"]
[EventCountry "BAN"]
[SourceTitle "playchess.com"]
[Source "ChessBase"]
[SourceQuality "1"]
[TimeControl "5400+30"]

1. e4 e5 2. d3 Nc6 3. Na3 Nf6 4. b3 d5 5. Bb2 dxe4 6. Qe2 exd3 7. cxd3 Bb4+ 8. Kd1 O-O 9. Nc4 Nd5 10. Qh5 Bc3 11. Bxc3 Nxc3+ 12. Kc2 Nd5 13. Re1 Ndb4+ 14. Kb2 Nxd3+ 15. Bxd3 Qxd3 16. Nf3 Be6 17. Ncxe5 Nxe5 18. Qxe5 Qd6 19. Qh5 a5 20. Rd1 Qe7 21. Rd4 b6 22. Ng5 h6 23. Nxe6 Qxe6 24. Qd1 Qf6 25. f3 Rad8 26. Kc3 Rxd4 27. Qxd4 Qxd4+ 28. Kxd4 Rd8+ 29. Kc4 c6 30. a4 c5 31. Kb5 Rb8 32. Rd1 Rc8 33. Rd6 Re8 34. Rxb6 Ra8 35. Kxc5 Kf8 36. Kb5 f5 37. Ra6 Rb8+ 38. Rb6 Rxb6+ 39. Kxb6 g5 40. Kxa5 Kf7 41. b4 h5 42. b5 Kf6 43. b6 g4 44. b7 f4 45. b8=Q g3 46. Qxf4+ Ke6 47. Qxg3 h4 48. Qg6+ Ke5 49. h3 Kf4 50. Qe4+ Kg3 51. Qg4+ Kf2 52. f4 Ke3 53. f5 Kf2 54. f6 Ke3 55. f7 1-0

[Event "WALTON 1st Div Women League 2023"]
[Site "Dhaka"]
[Date "2023.03.23"]
[Round "2.2"]
[White "Jarin, Tasnim"]
[Black "Monika, Kundu"]
[Result "0-1"]
[ECO "C50"]
[WhiteElo "1180"]
[BlackElo "1333"]
[Annotator "NA RC COMBH"]
[PlyCount "90"]
[EventDate "2023.03.22"]
[EventType "team-tourn"]
[EventCountry "BAN"]
[SourceTitle "playchess.com"]
[Source "ChessBase"]
[SourceQuality "1"]
[TimeControl "5400+30"]

1. e4 e5 2. Nf3 Nc6 3. Bc4 h6 4. d4 exd4 5. Nxd4 Qe7 6. O-O Nxd4 7. Qxd4 d6 8. Nc3 Be6 9. Re1 Bxc4 10. Qxc4 Nf6 11. Bd2 O-O-O 12. Be3 d5 13. exd5 Qb4 14. Qxb4 Bxb4 15. Bd4 Bxc3 16. Bxc3 Rxd5 17. Re7 Rhd8 18. Rf1 R5d7 19. Rfe1 Rxe7 20. Rxe7 Nd5 21. Re1 Nxc3 22. bxc3 Rd2 23. Rc1 Rd6 24. Kf1 Rc6 25. Re1 Rxc3 26. Re7 Rxc2 27. Rxf7 Rxa2 28. Rxg7 b5 29. f4 b4 30. f5 b3 31. Re7 b2 32. Re1 Ra1 33. f6 Rxe1+ 34. Kxe1 b1=Q+ 35. Ke2 Qb2+ 36. Kf1 Qxf6+ 37. Kg1 Kd7 38. g3 Ke6 39. Kg2 Ke5 40. Kh3 Qf1+ 41. Kh4 Kf6 42. Kg4 Kg6 43. Kh4 Qg2 44. Kg4 h5+ 45. Kf4 Qxh2 0-1

[Event "WALTON 1st Div Women League 2023"]
[Site "Dhaka"]
[Date "2023.03.23"]
[Round "2.3"]
[White "Sayeda Nusaibah, Mahmud"]
[Black "Zowena, Mehbish"]
[Result "0-1"]
[ECO "C48"]
[WhiteElo "1191"]
[BlackElo "1121"]
[Annotator "NA RC COMBH"]
[PlyCount "86"]
[EventDate "2023.03.22"]
[EventType "team-tourn"]
[EventCountry "BAN"]
[SourceTitle "playchess.com"]
[Source "ChessBase"]
[SourceQuality "1"]
[TimeControl "5400+30"]

1. e4 e5 2. Nf3 Nc6 3. Nc3 Bc5 4. Bb5 Nf6 5. O-O d6 6. h3 Bd7 7. d3 h6 8. Qe2 a6 9. Bc4 Nd4 10. Qd1 b5 11. Bd5 c6 12. Bb3 a5 13. a3 Bb6 14. Be3 c5 15. Ba2 b4 16. Nd5 bxa3 17. bxa3 Rb8 18. c3 Nc6 19. Nxb6 Rxb6 20. d4 cxd4 21. cxd4 Rb8 22. Qd3 O-O 23. Bd5 Re8 24. Rfc1 Qc8 25. Bxc6 Bxc6 26. d5 Bb5 27. Qd2 Qd7 28. Qxa5 Nxe4 29. Qb4 Nf6 30. Rab1 Nxd5 31. Qe4 Nxe3 32. Qxe3 e4 33. Nd2 d5 34. Qd4 Bd3 35. Rxb8 Rxb8 36. Rc5 Rb5 37. Rc3 Rb2 38. Nf1 Rb1 39. Rc5 Rxf1+ 40. Kh2 Qd6+ 41. g3 Qf6 42. Kg2 Qf3+ 43. Kh2 Qh1# 0-1

[Event "WALTON 1st Div Women League 2023"]
[Site "Dhaka"]
[Date "2023.03.23"]
[Round "2.5"]
[White "Sidratul, Muntaha"]
[Black "Nusrat, Jahan Liza"]
[Result "0-1"]
[ECO "C47"]
[WhiteElo "1185"]
[BlackElo "1573"]
[Annotator "NA RC COMBH"]
[PlyCount "52"]
[EventDate "2023.03.22"]
[EventType "team-tourn"]
[EventCountry "BAN"]
[SourceTitle "playchess.com"]
[Source "ChessBase"]
[SourceQuality "1"]
[TimeControl "5400+30"]

1. e4 Nc6 2. Nc3 Nf6 3. d4 e5 4. Nf3 exd4 5. Nxd4 Bc5 6. Nf3 d6 7. Bb5 Bd7 8. a3 h6 9. h3 O-O 10. O-O a6 11. Bd3 Ne7 12. Re1 Ng6 13. Bc4 Nh5 14. Bd2 Nhf4 15. Nd5 Nh5 16. b4 Ba7 17. a4 c6 18. Nc3 Qc7 19. Bb3 Rae8 20. a5 Nhf4 21. Qc1 d5 22. exd5 Nxh3+ 23. gxh3 Qg3+ 24. Kh1 Qxf3+ 25. Kg1 Bxh3 26. Ne2 Qg2# 0-1

[Event "WALTON 1st Div Women League 2023"]
[Site "Dhaka"]
[Date "2023.03.23"]
[Round "2.6"]
[White "Neelava, Choudhury"]
[Black "Sonia, Akhter"]
[Result "1-0"]
[ECO "C78"]
[WhiteElo "1522"]
[BlackElo "1180"]
[Annotator "NA RC COMBH"]
[PlyCount "75"]
[EventDate "2023.03.22"]
[EventType "team-tourn"]
[EventCountry "BAN"]
[SourceTitle "playchess.com"]
[Source "ChessBase"]
[SourceQuality "1"]
[TimeControl "5400+30"]

1. e4 Nc6 2. Nf3 e5 3. Bb5 Nf6 4. O-O Bc5 5. c3 a6 6. Ba4 O-O 7. d4 Bb6 8. Bg5 d6 9. Bxc6 bxc6 10. Nbd2 Re8 11. Qc2 Bg4 12. Rad1 h6 13. Bh4 g5 14. Bg3 Nh5 15. dxe5 Nxg3 16. hxg3 Qd7 17. exd6 Ba7 18. Nc4 Qe6 19. d7 Red8 20. Nce5 Bxf3 21. Nxf3 Rab8 22. Qa4 Rxb2 23. Qxa6 Rxa2 24. Qb7 Bb6 25. Nd4 Bxd4 26. Rxd4 Qe5 27. Qxc6 Ra7 28. Qxh6 Qg7 29. Qc6 Qh7 30. Qf6 Raa8 31. Qxg5+ Qg7 32. Qc5 c6 33. Qxc6 Qf8 34. Rfd1 Rdc8 35. dxc8=Q Rxc8 36. Qxc8 Qxc8 37. Rd8+ Qxd8 38. Rxd8+ 1-0

[Event "WALTON 1st Div Women League 2023"]
[Site "Dhaka"]
[Date "2023.03.23"]
[Round "2.9"]
[White "Nusrat Jahan, Alo"]
[Black "Nazmin, Akter"]
[Result "1-0"]
[ECO "C41"]
[WhiteElo "1787"]
[BlackElo "1258"]
[Annotator "NA RC COMBH"]
[PlyCount "105"]
[EventDate "2023.03.22"]
[EventType "team-tourn"]
[EventCountry "BAN"]
[SourceTitle "playchess.com"]
[Source "ChessBase"]
[SourceQuality "1"]
[TimeControl "5400+30"]

1. e4 e5 2. Nf3 d6 3. d4 exd4 4. Nxd4 Nf6 5. Nc3 c6 6. Be2 h6 7. O-O Be7 8. Re1 O-O 9. Bf4 Re8 10. Bf3 Nbd7 11. Nf5 Ne5 12. Nxe7+ Qxe7 13. Be2 Rd8 14. Bd3 Bg4 15. f3 Bh5 16. Qd2 Bg6 17. h3 Nh5 18. Bh2 Nf6 19. f4 Nxd3 20. cxd3 Ne8 21. Qf2 Qd7 22. d4 b5 23. d5 c5 24. b3 Qb7 25. f5 Bh7 26. Rad1 Rac8 27. Qf3 a5 28. e5 dxe5 29. Rxe5 Nf6 30. d6 Qxf3 31. gxf3 Rd7 32. Nxb5 c4 33. Rc1 c3 34. Rxc3 Rb8 35. a4 Kf8 36. Re7 Bxf5 37. Kg2 Be6 38. Nd4 Nd5 39. Nxe6+ fxe6 40. Rxd7 Nxc3 41. Be5 Nd5 42. Bxg7+ Kg8 43. Bxh6 Re8 44. Ra7 Rd8 45. d7 Kf7 46. Bg5 Nf6 47. Bxf6 Kxf6 48. h4 Kg6 49. Kh3 e5 50. Kg4 Kh6 51. Rxa5 Rxd7 52. Rxe5 Rd4+ 53. Re4 1-0

[Event "WALTON 1st Div Women League 2023"]
[Site "Dhaka"]
[Date "2023.03.23"]
[Round "2.10"]
[White "Warisa Haider"]
[Black "Srija, Seshadri"]
[Result "0-1"]
[ECO "C55"]
[WhiteElo "1302"]
[BlackElo "2194"]
[Annotator "TA"]
[PlyCount "44"]
[EventDate "2023.03.22"]
[EventType "team-tourn"]
[EventCountry "BAN"]
[SourceTitle "playchess.com"]
[Source "ChessBase"]
[SourceQuality "1"]
[TimeControl "5400+30"]

1. e4 e5 2. Nf3 Nc6 3. Bc4 Nf6 4. d3 h6 5. O-O d6 6. c3 g5 $1 {[%emt 0:00:54][%mdl 4] [#] now scores much better than the old 6...g6. C55: Two Knights: 4 d3, 4 d4 exd4 5 e5 and Max Lange Attack.} 7. Nfd2 $146 ({Predecessor:} 7. Nbd2 Bg7 8. Bb3 g4 9. Ne1 h5 10. f4 exf4 11. Rxf4 Qe7 12. d4 Bd7 13. Nd3 O-O-O 14. Rf1 {0-1 So,W (2773)-Naroditsky,D (2617) Titled Tuesday intern op 16th Aug Late blitz 2022 (9)}) 7... Bg7 8. Nb3 Ne7 {[%emt 0:01:32] Black has an edge.} 9. Be3 c6 10. N1d2 (10. d4 $15) 10... b5 $19 11. Bxf7+ Kxf7 12. d4 Re8 13. Nf3 $2 {[%emt 0:03:02] [#]} (13. dxe5 dxe5 14. Nc5) 13... Nxe4 14. Qd3 Bf5 {[%emt 0:00:22][%cal Oe4g3] ...Ng3! is the strong threat. Black is clearly winning.} 15. Qe2 Ng6 16. Nfd2 exd4 17. cxd4 Kg8 18. Rac1 Qd7 19. Na5 Rac8 20. Ndb3 Nf6 {[%emt 0:02:44] [#] Hoping for ...Nf4.} 21. Qf3 Bg4 22. Qg3 Nh5 {[%emt 0:00:47] White did not feel at home in the position after the opening.   Weighted Error Value: White=0.83/Black=0.02 (flawless)} 0-1

[Event "WALTON 1st Div Women League 2023"]
[Site "Dhaka"]
[Date "2023.03.23"]
[Round "2.12"]
[White "Fariha, Sumona"]
[Black "Varshini V Kundar"]
[Result "0-1"]
[ECO "B50"]
[WhiteElo "1378"]
[BlackElo "1096"]
[Annotator "NA RC COMBH"]
[PlyCount "72"]
[EventDate "2023.03.22"]
[EventType "team-tourn"]
[EventCountry "BAN"]
[SourceTitle "playchess.com"]
[Source "ChessBase"]
[SourceQuality "1"]
[TimeControl "5400+30"]

1. e4 c5 2. Nf3 d6 3. Bc4 e6 4. a3 Nf6 5. Nc3 Be7 6. O-O O-O 7. d3 a6 8. h3 Nbd7 9. Re1 b5 10. Ba2 Bb7 11. Bg5 h6 12. Bxf6 Bxf6 13. Qd2 Rc8 14. Rab1 Qc7 15. Re3 Rfd8 16. Rbe1 Nf8 17. Qe2 Ng6 18. Qd2 d5 19. d4 cxd4 20. Nxd4 dxe4 21. Nce2 e5 22. c3 exd4 23. cxd4 Bg5 24. Rc1 Qd6 25. Rf1 Bxe3 26. fxe3 Bd5 27. b3 Qxa3 28. Nc1 Rc7 29. Qf2 Rxc1 30. Rxc1 Qxc1+ 31. Kh2 Rc8 32. Qf5 Qc7+ 33. Kg1 Nh4 34. Qxd5 Qg3 35. Qd8+ Rxd8 36. b4 Qxg2# 0-1

[Event "WALTON 1st Div Women League 2023"]
[Site "Dhaka"]
[Date "2023.03.23"]
[Round "2.13"]
[White "Wadifa, Ahmed"]
[Black "Nargis, Kaumudi"]
[Result "1-0"]
[ECO "B12"]
[WhiteElo "1811"]
[BlackElo "1253"]
[Annotator "NA RC COMBH"]
[PlyCount "37"]
[EventDate "2023.03.22"]
[EventType "team-tourn"]
[EventCountry "BAN"]
[SourceTitle "playchess.com"]
[Source "ChessBase"]
[SourceQuality "1"]
[TimeControl "5400+30"]

1. e4 d6 2. d4 c6 3. Nf3 Nd7 4. Bc4 e6 5. Nc3 Ngf6 6. O-O d5 7. exd5 cxd5 8. Bd3 Qc7 9. Nb5 Qb6 10. Bf4 Nh5 11. Nc7+ Kd8 12. Nxa8 Qc6 13. Ne5 Nxe5 14. Qxh5 Nxd3 15. cxd3 g6 16. Qf3 Bd6 17. Rac1 Qd7 18. Bxd6 Qxd6 19. Qf6+ 1-0

[Event "WALTON 1st Div Women League 2023"]
[Site "Dhaka"]
[Date "2023.03.23"]
[Round "2.15"]
[White "Noshin, Anjum"]
[Black "Mahjabeen, Islam"]
[Result "1-0"]
[ECO "C82"]
[WhiteElo "1877"]
[BlackElo "1180"]
[Annotator "NA RC COMBH"]
[PlyCount "35"]
[EventDate "2023.03.22"]
[EventType "team-tourn"]
[EventCountry "BAN"]
[SourceTitle "playchess.com"]
[Source "ChessBase"]
[SourceQuality "1"]
[TimeControl "5400+30"]

1. e4 e5 2. Nf3 Nc6 3. Bb5 a6 4. Ba4 Nf6 5. O-O Nxe4 6. d4 b5 7. Bb3 d5 8. dxe5 Be6 9. c3 Bc5 10. Qe2 O-O 11. Nbd2 Nxd2 12. Bxd2 h6 13. Be3 Bxe3 14. Qxe3 Qe7 15. Nd4 Na5 16. Bc2 Nc4 17. Qd3 Nxb2 18. Qh7# 1-0

[Event "WALTON 1st Div Women League 2023"]
[Site "Dhaka"]
[Date "2023.03.24"]
[Round "3.1"]
[White "Nargis, Kaumudi"]
[Black "Rashma, Alam"]
[Result "1-0"]
[ECO "D02"]
[WhiteElo "1253"]
[BlackElo "1047"]
[Annotator "NA RC COMBH"]
[PlyCount "55"]
[EventDate "2023.03.22"]
[EventType "team-tourn"]
[EventCountry "BAN"]
[SourceTitle "playchess.com"]
[Source "ChessBase"]
[SourceQuality "1"]
[TimeControl "5400+30"]

1. d4 d5 2. Nf3 Nh6 3. Nbd2 g6 4. e4 dxe4 5. Nxe4 Qd5 6. Nc3 Qa5 7. Be2 Bg7 8. O-O Bg4 9. Ne5 Bxe5 10. dxe5 Bxe2 11. Qxe2 Nf5 12. Qe4 Nc6 13. Nd5 O-O-O 14. c4 e6 15. b4 Qa4 16. Bg5 Rd7 17. b5 exd5 18. Qf4 Ncd4 19. Kh1 dxc4 20. Bf6 Re8 21. g4 Ne7 22. Qe4 Nxb5 23. e6 fxe6 24. Qxe6 c3 25. Rfd1 Nd4 26. Rxd4 Qb5 27. Rc4 Nd5 28. Qxe8+ 1-0